 Dungeon Crawl Stone Soup version 0.21-a0-476-gd103f4b (webtiles) character file.

21 kae the Ruffian (level 2, -2/23 HPs)
             Began as a Draconian Transmuter on Nov 22, 2017.
             Slain by a gnoll (3 damage)
             ... on level 1 of the Dungeon.
             The game lasted 00:00:44 (658 turns).

kae the Ruffian (Draconian Transmuter)               Turns: 658, Time: 00:00:44

Health: -2/23      AC:  4    Str: 12    XL:     2   Next: 65%
Magic:  4/5        EV: 12    Int: 13    God:
Gold:   26         SH:  0    Dex: 11    Spells: 4/5 levels left

rFire    . . .     SeeInvis .   k - +0 hand axe
rCold    . . .     Gourm    .   (no shield)
rNeg     . . .     Faith    .   (armour unavailable)
rPois    .         Spirit   .   (helmet restricted)
rElec    .         Reflect  .   (no cloak)
rCorr    .         Harm     .   (no gloves)
MR       .....                  (no boots)
Stlth    +.........             (no amulet)
HPRegen  0.07/turn              (no ring)
MPRegen  0.09/turn              (no ring)

@: appendage
A: unfitting armour, horns 2, cold-blooded, AC +4
a: End Transformation


You were on level 1 of the Dungeon.
You were not hungry.
You had grown temporary horns.
You visited 1 branch of the dungeon, and saw 2 of its levels.

You collected 26 gold pieces.

Inventory:

Hand Weapons
 k - a +0 hand axe (weapon)
Missiles
 a - 12 arrows
Jewellery
 f - an uncursed amulet of guardian spirit {unknown}
 j - an uncursed ring of fire {unknown}
Scrolls
 d - a scroll of fear {unknown}
 g - 2 scrolls of identify {unknown}
 h - 2 scrolls of teleportation {unknown}
 i - a scroll of enchant weapon {unknown}
 n - a scroll of random uselessness {unknown}
Potions
 e - a potion of brilliance {unknown}
 l - a potion of degeneration {unknown}
 m - a potion of flight {unknown}
Books
 b - a book of Changes

   Spells                             Type                      Level
   a - Beastly Appendage              Transmutation                1
   b - Sticks to Snakes               Transmutation                2
   c - Spider Form                    Transmutation/Poison         3
   d - Ice Form                       Ice/Transmutation            4
   e - Blade Hands                    Transmutation                5
Comestibles
 c - a bread ration


   Skills:
 - Level 1.3 Fighting
 - Level 1.7 Dodging
 * Level 3.4 Unarmed Combat
 + Level 2.1 Spellcasting
 * Level 2.5 Transmutations


You had 4 spell levels left.
You knew the following spells:

 Your Spells              Type           Power        Failure   Level  Hunger
a - Beastly Appendage     Tmut           #.....       9%          1    ##.....


Dungeon Overview and Level Annotations

Branches:
Dungeon (2/15)

Altars:


Innate Abilities, Weirdness & Mutations

Your plain brown scales are hard. (AC +4)
You cannot fit into any form of body armour.
You are cold-blooded and may be slowed by cold attacks.
You have a pair of horns on your head.


Message History

The gnoll completely misses you.
You hit the kobold.
You kill the kobold!
The gnoll hits you from afar with a spear.
Unknown command.
The gnoll hits you! The gnoll barely misses you.
You climb upwards.
There is a stone staircase leading down, spattered with blood here.
You see here a frilled lizard skeleton.
Unknown command.
Casting: Beastly Appendage
Confirm with . or Enter, or press ? or * to list all spells.
You grow a pair of large bovine horns.
The gnoll hits you!
* * * LOW HITPOINT WARNING * * *
The gnoll hits you.
* * * LOW HITPOINT WARNING * * *
You hit the gnoll.
The gnoll is heavily wounded.
The gnoll hits you.
You die...

.### #.......# †#
######.......# .#
#....[.......#
.#####............####
............##+#.....#
######......##.#.....#
#......##.......#
########
########........#
#......# #...@..###
#.####.# #..g...# #.#
#.# ##'####### #.#
##.. #.......# #.#
#..# #######.#####.#
#.## #.#.....# #...
#.#.....###.##
#.#.......#.#
#.#.....###.#


You could see a gnoll.

Vanquished Creatures
  An ooze (D:1)
  A dart slug (D:1)
  2 bats (D:1)
  A giant cockroach (D:1)
  2 goblins (D:1)
  A hobgoblin (D:1)
  2 ball pythons (D:1)
  2 frilled lizards (D:1)
  A kobold (D:2)
  3 rats (D:1)
16 creatures vanquished.

Notes
Turn   | Place    | Note
-------+----------+-------------------------------------------
     0 | D:1      | kae the Draconian Transmuter began the quest for the Orb.
     0 | D:1      | Reached XP level 1. HP: 16/16 MP: 3/3
   155 | D:1      | Reached XP level 2. HP: 23/23 MP: 5/5
   657 | D:1      | HP: 1/23 [gnoll (4)]
   658 | D:1      | Slain by a gnoll

Vault maps used:
D:1:      roderic_chinese_lattice_arrival, serial_park_tiny_2,
          minmay_misc_feat_four_crosses
D:2:      bloody_makhleb

Action                   || total
-------------------------++-------
Melee: Unarmed           ||    20
       Tailslap          ||     6
       Kick              ||     1
       Headbutt          ||     1
       Punch             ||     1
       Hand axe          ||    28
 Cast: Beastly Appendage ||     4
Armor: Skin              ||    17
Dodge: Dodged            ||    40

Table legend:
 A = Spawn XP
 B = Non-spawn XP
 C = Spawn XP percentage of total XP
 D = Spawn monster count
 E = Non-spawn monster count
 F = Spawn count percentage of total count
 G = Total turns spent on level
                    A         B        C        D         E        F      G
               +---------+---------+-------+---------+---------+-------+---------
         Total |       0 |      31 |   0.0 |       0 |      16 |   0.0 |   658
               +---------+---------+-------+---------+---------+-------+---------
           D:1 |       0 |      30 |   0.0 |       0 |      15 |   0.0 |   647
           D:2 |       0 |       1 |   0.0 |       0 |       1 |   0.0 |    11
               +---------+---------+-------+---------+---------+-------+---------
